2952 views
Uploaded 2020-01-29 00:05:16
Game version 1.32 / 1.32.1
18:32 long 3on3 ladder game on (6)BloodstoneMesa_LV
Saved by BEARAND
2952 views
Uploaded 2020-01-29 00:05:16
Game version 1.32 / 1.32.1
18:32 long 3on3 ladder game on (6)BloodstoneMesa_LV


77 units @ 10.1k
/ 1.2k
127 buildings @ 9.5k
/ 4.8k



| Scroll of Regeneration | 2 | 200 |
| Potion of Healing | 1 | 150 |
| Staff of Sanctuary | 3 | 750 |
| Orb of Fire | 2 | 650 |
| Staff of Teleportation | 2 | 300 |
| Boots of Speed | 2 | 500 |
| total: | 12 | 2550g |
| Peasant | 17 | 1275 | / | 0 |
| Priest | 1 | 135 | / | 10 |
| total: | 18 | 1410g | / | 10w |
| Scout Tower | 44 | 1320 | / | 880 |
| Arcane Tower | 3 | 210 | / | 150 |
| Guard Tower | 21 | 1470 | / | 1050 |
| Altar of Kings | 1 | 180 | / | 50 |
| Farm | 6 | 480 | / | 120 |
| Lumber Mill | 1 | 120 | / | 0 |
| Arcane Vault | 1 | 130 | / | 30 |
| Town Hall | 1 | 385 | / | 205 |
| Arcane Sanctum | 1 | 150 | / | 140 |
| Keep | 1 | 320 | / | 210 |
| Castle | 1 | 360 | / | 210 |
| total: | 55 | 2765g | / | 1425w |
| 0:01 | Peasant |
| 0:01 | Peasant |
| 0:06 | Altar of Kings |
| 0:18 | Farm |
| 0:26 | Scout Tower |
| 0:33 | Peasant |
| 0:33 | Peasant |
| 0:41 | Farm |
| 1:01 | Peasant |
| 1:02 | Peasant |
| 1:06 | Lumber Mill |
| 1:09 | Peasant |
| 1:23 | Peasant |
| 1:33 | Peasant |
| 1:37 | Scout Tower |
| 1:38 | Arcane Tower |
| 1:41 | Peasant |
| 1:47 | Peasant |
| 1:55 | Scout Tower |
| 1:55 | Scout Tower |
| 1:56 | Scout Tower |
| 1:59 | Scout Tower |
| 2:01 | Peasant |
| 2:07 | Blizzard |
| 2:12 | Guard Tower |
| 2:13 | Peasant |
| 2:15 | Peasant |
| 2:36 | Guard Tower |
| 2:37 | Scout Tower |
| 2:37 | Scout Tower |
| 2:38 | Peasant |
| 3:20 | Guard Tower |
| 3:34 | Guard Tower |
| 3:39 | Arcane Vault |
| 3:52 | Brilliance Aura |
| 3:55 | Keep |
| 3:58 | Farm |
| 4:00 | Farm |
| 4:01 | Farm |
| 4:02 | Farm |
| 4:22 | Staff of Teleportation |
| 4:22 | Boots of Speed |
| 4:41 | Improved Masonry |
| 4:44 | Scout Tower |
| 4:46 | Scout Tower |
| 5:29 | Guard Tower |
| 5:57 | Scroll of Regeneration |
| 7:05 | Guard Tower |
| 7:06 | Scout Tower |
| 7:06 | Scout Tower |
| 7:09 | Castle |
| 7:15 | Storm Bolt |
| 7:32 | Scout Tower |
| 7:32 | Scout Tower |
| 7:33 | Scout Tower |
| 7:33 | Scout Tower |
| 7:34 | Guard Tower |
| 7:36 | Advanced Masonry |
| 7:36 | Improved Lumber Harvesting |
| 7:50 | Staff of Teleportation |
| 7:56 | Blizzard |
| 8:07 | Boots of Speed |
| 8:49 | Potion of Healing |
| 9:03 | Guard Tower |
| 9:18 | Arcane Tower |
| 9:27 | Arcane Sanctum |
| 9:31 | Guard Tower |
| 9:32 | Scout Tower |
| 9:34 | Scout Tower |
| 9:34 | Scout Tower |
| 9:39 | Scroll of Regeneration |
| 9:43 | Staff of Sanctuary |
| 9:48 | Orb of Fire |
| 10:05 | Guard Tower |
| 10:24 | Imbued Masonry |
| 10:58 | Bash |
| 11:00 | Magic Sentry |
| 11:00 | Priest |
| 11:20 | Guard Tower |
| 11:33 | Holy Light |
| 11:45 | Staff of Sanctuary |
| 12:48 | Scout Tower |
| 12:48 | Scout Tower |
| 12:49 | Scout Tower |
| 12:49 | Scout Tower |
| 12:50 | Scout Tower |
| 12:50 | Scout Tower |
| 14:30 | Town Hall |
| 14:36 | Staff of Sanctuary |
| 14:37 | Orb of Fire |
| 14:43 | Scout Tower |
| 14:44 | Scout Tower |
| 14:45 | Scout Tower |
| 14:45 | Scout Tower |
| 14:45 | Scout Tower |
| 14:46 | Scout Tower |
| 14:46 | Scout Tower |
| 14:47 | Scout Tower |
| 14:47 | Scout Tower |
| 14:48 | Scout Tower |
| 14:59 | Scout Tower |
| 15:00 | Scout Tower |
| 15:00 | Scout Tower |
| 15:01 | Scout Tower |
| 15:01 | Scout Tower |
| 15:02 | Scout Tower |
| 15:02 | Scout Tower |
| 15:03 | Scout Tower |
| 15:03 | Scout Tower |
| 15:04 | Peasant |
| 15:04 | Peasant |
| 15:30 | Guard Tower |
| 16:27 | Guard Tower |
| 16:44 | Arcane Tower |
| 16:45 | Guard Tower |
| 16:46 | Guard Tower |
| 16:56 | Divine Shield |
| 17:19 | Guard Tower |
| 18:11 | Guard Tower |
| Right click | 1687 |
| Select | 436 |
| Select group | 369 |
| Chat | 274 |
| Build/train/purchase | 126 |
| Use ability | 58 |
| Misc. action | 23 |
| Assign group | 19 |
| Item give/drop | 7 |
| Minimap ping | 4 |
| Remove unit | 1 |
| Esc | 1 |



| Scroll of Regeneration | 1 | 100 |
| Staff of Sanctuary | 3 | 750 |
| Orb of Fire | 1 | 325 |
| Staff of Teleportation | 3 | 450 |
| Boots of Speed | 3 | 750 |
| Circlet of Nobility | 2 | 350 |
| Periapt of Vitality | 1 | 325 |
| Orb of Corruption | 1 | 375 |
| total: | 15 | 3425g |
| Peasant | 19 | 1425 | / | 0 |
| Priest | 1 | 135 | / | 10 |
| total: | 20 | 1560g | / | 10w |
| Scout Tower | 37 | 1110 | / | 740 |
| Arcane Tower | 5 | 350 | / | 250 |
| Guard Tower | 13 | 910 | / | 650 |
| Altar of Kings | 1 | 180 | / | 50 |
| Farm | 3 | 240 | / | 60 |
| Lumber Mill | 1 | 120 | / | 0 |
| Arcane Vault | 4 | 520 | / | 120 |
| Town Hall | 2 | 770 | / | 410 |
| Blacksmith | 1 | 140 | / | 60 |
| Barracks | 1 | 160 | / | 60 |
| Arcane Sanctum | 1 | 150 | / | 140 |
| Gryphon Aviary | 1 | 140 | / | 150 |
| Keep | 1 | 320 | / | 210 |
| Castle | 1 | 360 | / | 210 |
| total: | 52 | 3530g | / | 1790w |
| 0:04 | Peasant |
| 0:04 | Peasant |
| 0:09 | Altar of Kings |
| 0:11 | Farm |
| 0:22 | Peasant |
| 0:32 | Scout Tower |
| 0:34 | Peasant |
| 0:42 | Farm |
| 0:47 | Peasant |
| 0:53 | Peasant |
| 1:18 | Lumber Mill |
| 1:19 | Arcane Tower |
| 1:21 | Peasant |
| 1:27 | Scout Tower |
| 1:28 | Peasant |
| 1:33 | Peasant |
| 1:42 | Peasant |
| 1:54 | Farm |
| 2:00 | Peasant |
| 2:09 | Blizzard |
| 2:21 | Scout Tower |
| 2:23 | Guard Tower |
| 2:38 | Arcane Vault |
| 2:42 | Peasant |
| 2:42 | Peasant |
| 2:46 | Scout Tower |
| 2:50 | Guard Tower |
| 3:00 | Peasant |
| 3:11 | Peasant |
| 3:14 | Guard Tower |
| 3:19 | Scout Tower |
| 3:24 | Scout Tower |
| 4:07 | Brilliance Aura |
| 4:21 | Town Hall |
| 4:28 | Scout Tower |
| 4:29 | Scout Tower |
| 4:38 | Scroll of Regeneration |
| 4:41 | Peasant |
| 4:56 | Scout Tower |
| 4:57 | Scout Tower |
| 4:58 | Guard Tower |
| 4:59 | Arcane Tower |
| 5:09 | Peasant |
| 5:26 | Peasant |
| 5:26 | Peasant |
| 5:30 | Guard Tower |
| 5:34 | Staff of Teleportation |
| 5:34 | Boots of Speed |
| 6:03 | Keep |
| 6:38 | Blizzard |
| 6:41 | Guard Tower |
| 6:43 | Improved Masonry |
| 7:07 | Scout Tower |
| 7:08 | Scout Tower |
| 7:09 | Scout Tower |
| 7:10 | Scout Tower |
| 7:11 | Scout Tower |
| 7:14 | Scout Tower |
| 7:15 | Scout Tower |
| 7:18 | Scout Tower |
| 7:19 | Scout Tower |
| 7:20 | Scout Tower |
| 7:21 | Scout Tower |
| 7:22 | Scout Tower |
| 7:28 | Scout Tower |
| 7:29 | Scout Tower |
| 7:30 | Scout Tower |
| 8:09 | Guard Tower |
| 8:13 | Arcane Tower |
| 8:14 | Guard Tower |
| 8:53 | Castle |
| 9:14 | Guard Tower |
| 9:16 | Improved Lumber Harvesting |
| 9:23 | Arcane Sanctum |
| 9:50 | Storm Bolt |
| 10:08 | Guard Tower |
| 10:11 | Staff of Teleportation |
| 10:11 | Boots of Speed |
| 10:15 | Circlet of Nobility |
| 10:20 | Periapt of Vitality |
| 10:31 | Arcane Vault |
| 10:33 | Arcane Vault |
| 10:34 | Arcane Vault |
| 10:38 | Magic Sentry |
| 10:40 | Scout Tower |
| 10:40 | Scout Tower |
| 10:42 | Scout Tower |
| 10:42 | Scout Tower |
| 10:43 | Scout Tower |
| 10:45 | Scout Tower |
| 10:46 | Scout Tower |
| 10:47 | Scout Tower |
| 10:58 | Scout Tower |
| 10:59 | Scout Tower |
| 10:59 | Scout Tower |
| 11:00 | Scout Tower |
| 11:59 | Guard Tower |
| 12:12 | Staff of Sanctuary |
| 12:15 | Staff of Sanctuary |
| 12:21 | Holy Light |
| 12:23 | Staff of Sanctuary |
| 12:29 | Guard Tower |
| 12:36 | Arcane Tower |
| 12:41 | Guard Tower |
| 12:47 | Circlet of Nobility |
| 12:48 | Boots of Speed |
| 12:48 | Staff of Teleportation |
| 12:59 | Arcane Tower |
| 13:03 | Orb of Fire |
| 13:11 | Orb of Corruption |
| 14:01 | Brilliance Aura |
| 14:27 | Bash |
| 14:43 | Advanced Masonry |
| 15:48 | Town Hall |
| 15:58 | Priest |
| 15:59 | Priest Adept Training |
| 16:00 | Blacksmith |
| 16:02 | Barracks |
| 16:05 | Gryphon Aviary |
| 16:11 | Divine Shield |
| Right click | 1089 |
| Select group | 714 |
| Select | 181 |
| Chat | 114 |
| Build/train/purchase | 85 |
| Use ability | 68 |
| Misc. action | 32 |
| Assign group | 10 |
| Item give/drop | 3 |
| Minimap ping | 3 |
| Esc | 1 |


| Rod of Necromancy | 3 | 450 |
| Sacrificial Skull | 1 | 50 |
| Potion of Healing | 1 | 150 |
| Scroll of Town Portal | 2 | 700 |
| Scroll of Healing | 2 | 500 |
| total: | 9 | 1850g |
| Acolyte | 8 | 600 | / | 0 |
| Ghoul | 7 | 840 | / | 0 |
| Crypt Fiend | 16 | 3440 | / | 640 |
| Obsidian Statue | 2 | 400 | / | 70 |
| Meat Wagon | 1 | 230 | / | 50 |
| Abomination | 1 | 240 | / | 70 |
| Frost Wyrm | 2 | 770 | / | 240 |
| Harpy Windwitch | 1 | 240 | / | 30 |
| Razormane Medicine Man | 1 | 350 | / | 60 |
| total: | 39 | 7110g | / | 1160w |
| Nerubian Tower | 1 | 100 | / | 20 |
| Graveyard | 1 | 215 | / | 0 |
| Crypt | 2 | 400 | / | 100 |
| Altar of Darkness | 1 | 180 | / | 50 |
| Ziggurat | 10 | 1500 | / | 500 |
| Tomb of Relics | 1 | 130 | / | 30 |
| Slaughterhouse | 1 | 140 | / | 135 |
| Sacrificial Pit | 1 | 75 | / | 150 |
| Boneyard | 3 | 525 | / | 600 |
| Halls of the Dead | 1 | 320 | / | 210 |
| Black Citadel | 2 | 650 | / | 460 |
| total: | 20 | 3165g | / | 1565w |
| 0:01 | Acolyte |
| 0:08 | Graveyard |
| 0:09 | Crypt |
| 0:32 | Altar of Darkness |
| 0:53 | Ziggurat |
| 1:17 | Ghoul |
| 1:37 | Tomb of Relics |
| 1:54 | Crypt Fiend |
| 1:54 | Crypt Fiend |
| 2:04 | Ziggurat |
| 2:06 | Acolyte |
| 2:22 | Crypt Fiend |
| 2:22 | Crypt Fiend |
| 2:51 | Crypt Fiend |
| 3:13 | Death Coil |
| 3:14 | Rod of Necromancy |
| 3:15 | Sacrificial Skull |
| 3:16 | Nerubian Tower |
| 3:38 | Acolyte |
| 3:39 | Crypt Fiend |
| 3:50 | Acolyte |
| 4:30 | Ziggurat |
| 4:33 | Acolyte |
| 4:35 | Acolyte |
| 4:41 | Ziggurat |
| 4:48 | Unholy Aura |
| 4:52 | Ziggurat |
| 5:06 | Acolyte |
| 5:06 | Acolyte |
| 5:26 | Ghoul |
| 5:26 | Ghoul |
| 5:53 | Ghoul |
| 5:53 | Ghoul |
| 5:53 | Ghoul |
| 6:18 | Halls of the Dead |
| 6:23 | Rod of Necromancy |
| 6:51 | Creature Attack |
| 6:51 | Creature Carapace |
| 7:10 | Crypt Fiend |
| 7:10 | Crypt Fiend |
| 7:13 | Crypt |
| 7:14 | Ziggurat |
| 7:53 | Death Coil |
| 8:23 | Ziggurat |
| 8:26 | Crypt Fiend |
| 8:26 | Crypt Fiend |
| 8:29 | Ziggurat |
| 8:30 | Ziggurat |
| 8:56 | Slaughterhouse |
| 9:08 | Sacrificial Pit |
| 9:23 | Scroll of Town Portal |
| 9:24 | Potion of Healing |
| 9:34 | Rod of Necromancy |
| 9:39 | Web |
| 9:41 | Burrow |
| 10:03 | Obsidian Statue |
| 10:27 | Black Citadel |
| 10:28 | Ghoul |
| 10:50 | Frost Nova |
| 10:57 | Crypt Fiend |
| 11:22 | Scroll of Town Portal |
| 12:04 | Harpy Windwitch |
| 12:04 | Razormane Medicine Man |
| 12:24 | Ziggurat |
| 13:50 | Unholy Aura |
| 15:17 | Crypt Fiend |
| 15:17 | Crypt Fiend |
| 15:18 | Crypt Fiend |
| 15:18 | Crypt Fiend |
| 15:18 | Crypt Fiend |
| 15:19 | Meat Wagon |
| 15:19 | Abomination |
| 15:20 | Obsidian Statue |
| 16:01 | Boneyard |
| 16:02 | Boneyard |
| 16:03 | Boneyard |
| 16:48 | Scroll of Healing |
| 16:53 | Scroll of Healing |
| 17:11 | Destroyer Form |
| 17:19 | Frost Wyrm |
| 17:19 | Frost Wyrm |
| 18:15 | Frost Armor |
| 18:16 | Frost Nova |
| Chat | 556 |
| Right click | 340 |
| Select | 316 |
| Select group | 298 |
| Assign group | 154 |
| Build/train/purchase | 112 |
| Misc. action | 76 |
| Use ability | 28 |
| Minimap ping | 17 |
| Esc | 9 |
| Item give/drop | 3 |
103 units @ 15.2k
/ 1.8k
52 buildings @ 7k
/ 2.7k

| Peasant | 12 | 900 | / | 0 |
| Footman | 8 | 1080 | / | 0 |
| Rifleman | 14 | 2870 | / | 420 |
| Priest | 2 | 270 | / | 20 |
| total: | 36 | 5120g | / | 440w |
| Scout Tower | 1 | 30 | / | 20 |
| Altar of Kings | 1 | 180 | / | 50 |
| Farm | 7 | 560 | / | 140 |
| Barracks | 2 | 320 | / | 120 |
| Blacksmith | 1 | 140 | / | 60 |
| Lumber Mill | 1 | 120 | / | 0 |
| Town Hall | 1 | 385 | / | 205 |
| Arcane Sanctum | 1 | 150 | / | 140 |
| Keep | 1 | 320 | / | 210 |
| total: | 15 | 1885g | / | 735w |
| 0:02 | Peasant |
| 0:07 | Altar of Kings |
| 0:13 | Peasant |
| 0:19 | Farm |
| 0:24 | Peasant |
| 0:34 | Peasant |
| 0:48 | Barracks |
| 0:59 | Peasant |
| 1:15 | Peasant |
| 1:27 | Peasant |
| 1:39 | Farm |
| 1:51 | Peasant |
| 2:05 | Blacksmith |
| 2:19 | Peasant |
| 2:23 | Summon Water Elemental |
| 2:25 | Footman |
| 2:33 | Lumber Mill |
| 2:40 | Farm |
| 2:48 | Footman |
| 3:00 | Keep |
| 3:21 | Rifleman |
| 3:39 | Farm |
| 3:46 | Rifleman |
| 4:15 | Barracks |
| 4:17 | Farm |
| 4:37 | Rifleman |
| 5:02 | Rifleman |
| 5:07 | Defend |
| 5:22 | Iron Plating |
| 5:27 | Farm |
| 5:41 | Arcane Sanctum |
| 6:03 | Blizzard |
| 6:13 | Farm |
| 6:16 | Rifleman |
| 6:30 | Black Gunpowder |
| 6:32 | Footman |
| 6:32 | Footman |
| 7:03 | Footman |
| 7:03 | Footman |
| 7:11 | Summon Water Elemental |
| 7:18 | Priest |
| 8:00 | Town Hall |
| 8:12 | Priest |
| 8:59 | Rifleman |
| 9:23 | Rifleman |
| 9:24 | Rifleman |
| 9:41 | Rifleman |
| 10:03 | Footman |
| 10:03 | Footman |
| 10:47 | Rifleman |
| 10:48 | Rifleman |
| 11:17 | Rifleman |
| 11:28 | Scout Tower |
| 12:17 | Peasant |
| 12:17 | Peasant |
| 12:17 | Peasant |
| 13:58 | Rifleman |
| 13:58 | Rifleman |
| Select group | 1785 |
| Right click | 755 |
| Select | 407 |
| Assign group | 110 |
| Build/train/purchase | 48 |
| Misc. action | 31 |
| Use ability | 14 |
| Minimap ping | 3 |

| Peasant | 17 | 1275 | / | 0 |
| Footman | 9 | 1215 | / | 0 |
| Rifleman | 1 | 205 | / | 30 |
| Gryphon Rider | 9 | 2520 | / | 630 |
| Crypt Fiend | 2 | 430 | / | 80 |
| Gargoyle | 1 | 175 | / | 30 |
| total: | 39 | 5820g | / | 770w |
| Farm | 15 | 1200 | / | 300 |
| Altar of Kings | 1 | 180 | / | 50 |
| Lumber Mill | 1 | 120 | / | 0 |
| Barracks | 1 | 160 | / | 60 |
| Blacksmith | 1 | 140 | / | 60 |
| Town Hall | 2 | 770 | / | 410 |
| Gryphon Aviary | 2 | 280 | / | 300 |
| Keep | 1 | 320 | / | 210 |
| Castle | 1 | 360 | / | 210 |
| total: | 23 | 2850g | / | 1180w |
| 0:03 | Peasant |
| 0:03 | Peasant |
| 0:08 | Farm |
| 0:14 | Altar of Kings |
| 0:22 | Peasant |
| 0:22 | Peasant |
| 0:23 | Peasant |
| 0:35 | Farm |
| 0:52 | Lumber Mill |
| 1:31 | Barracks |
| 1:53 | Farm |
| 1:54 | Farm |
| 2:00 | Farm |
| 2:01 | Farm |
| 2:19 | Blizzard |
| 2:54 | Footman |
| 2:54 | Footman |
| 2:56 | Footman |
| 2:56 | Footman |
| 3:00 | Farm |
| 3:15 | Peasant |
| 3:30 | Keep |
| 4:05 | Farm |
| 4:13 | Footman |
| 4:23 | Blacksmith |
| 5:13 | Summon Water Elemental |
| 5:47 | Town Hall |
| 5:58 | Town Hall |
| 6:16 | Rifleman |
| 6:16 | Footman |
| 6:17 | Footman |
| 6:29 | Castle |
| 6:39 | Iron Forged Swords |
| 6:45 | Improved Lumber Harvesting |
| 7:26 | Footman |
| 7:28 | Footman |
| 8:10 | Peasant |
| 8:10 | Peasant |
| 8:10 | Peasant |
| 8:15 | Peasant |
| 8:15 | Peasant |
| 9:03 | Gryphon Aviary |
| 9:07 | Gryphon Aviary |
| 9:19 | Peasant |
| 9:19 | Peasant |
| 10:03 | Peasant |
| 10:04 | Peasant |
| 10:13 | Farm |
| 10:14 | Farm |
| 10:17 | Farm |
| 10:28 | Gryphon Rider |
| 10:28 | Gryphon Rider |
| 10:44 | Peasant |
| 10:47 | Peasant |
| 11:01 | Advanced Lumber Harvesting |
| 11:08 | Steel Forged Swords |
| 11:37 | Gryphon Rider |
| 12:16 | Gryphon Rider |
| 12:17 | Gryphon Rider |
| 12:21 | Farm |
| 12:22 | Farm |
| 12:38 | Studded Leather Armor |
| 14:26 | Gryphon Rider |
| 14:27 | Gryphon Rider |
| 14:28 | Storm Hammers |
| 14:30 | Mithril Forged Swords |
| 14:34 | Gryphon Rider |
| 15:19 | Farm |
| 15:19 | Farm |
| 15:36 | Reinforced Leather Armor |
| 15:46 | Crypt Fiend |
| 15:46 | Crypt Fiend |
| 15:47 | Gargoyle |
| 16:22 | Brilliance Aura |
| 16:31 | Gryphon Rider |
| Right click | 639 |
| Select | 234 |
| Select group | 71 |
| Build/train/purchase | 57 |
| Use ability | 7 |
| Chat | 6 |
| Assign group | 4 |
| Minimap ping | 3 |
| Remove unit | 1 |

| Sacrificial Skull | 1 | 50 |
| Rod of Necromancy | 2 | 300 |
| total: | 3 | 350g |
| Acolyte | 7 | 525 | / | 0 |
| Ghoul | 4 | 480 | / | 0 |
| Crypt Fiend | 9 | 1935 | / | 360 |
| Obsidian Statue | 3 | 600 | / | 105 |
| Necromancer | 5 | 725 | / | 100 |
| total: | 28 | 4265g | / | 565w |
| Spirit Tower | 3 | 435 | / | 120 |
| Ziggurat | 7 | 1050 | / | 350 |
| Altar of Darkness | 1 | 180 | / | 50 |
| Graveyard | 1 | 215 | / | 0 |
| Crypt | 2 | 400 | / | 100 |
| Tomb of Relics | 1 | 130 | / | 30 |
| Slaughterhouse | 1 | 140 | / | 135 |
| Temple of the Damned | 1 | 155 | / | 140 |
| Halls of the Dead | 1 | 320 | / | 210 |
| total: | 14 | 2270g | / | 805w |
| 0:03 | Acolyte |
| 0:04 | Acolyte |
| 0:08 | Ziggurat |
| 0:32 | Altar of Darkness |
| 0:38 | Graveyard |
| 0:44 | Acolyte |
| 1:26 | Crypt |
| 1:50 | Ziggurat |
| 2:04 | Crypt |
| 2:23 | Ziggurat |
| 2:29 | Tomb of Relics |
| 2:35 | Ghoul |
| 2:35 | Ghoul |
| 2:41 | Death Coil |
| 3:05 | Crypt Fiend |
| 3:13 | Ghoul |
| 3:26 | Crypt Fiend |
| 3:40 | Sacrificial Skull |
| 3:53 | Ghoul |
| 4:23 | Crypt Fiend |
| 4:25 | Rod of Necromancy |
| 5:11 | Halls of the Dead |
| 5:12 | Crypt Fiend |
| 5:50 | Creature Attack |
| 5:52 | Crypt Fiend |
| 5:59 | Unholy Aura |
| 6:05 | Spirit Tower |
| 6:17 | Ziggurat |
| 6:33 | Crypt Fiend |
| 6:52 | Creature Carapace |
| 7:05 | Rod of Necromancy |
| 8:20 | Death Coil |
| 8:29 | Web |
| 8:31 | Crypt Fiend |
| 8:39 | Slaughterhouse |
| 8:42 | Temple of the Damned |
| 9:27 | Acolyte |
| 9:27 | Acolyte |
| 9:27 | Acolyte |
| 9:29 | Acolyte |
| 9:36 | Crypt Fiend |
| 10:02 | Obsidian Statue |
| 10:16 | Ziggurat |
| 11:11 | Spirit Tower |
| 11:14 | Ziggurat |
| 11:20 | Ziggurat |
| 11:39 | Obsidian Statue |
| 11:40 | Necromancer |
| 11:44 | Skeletal Mastery |
| 12:23 | Necromancer |
| 12:23 | Necromancer |
| 12:50 | Necromancer |
| 12:51 | Obsidian Statue |
| 13:03 | Spirit Tower |
| 14:07 | Crypt Fiend |
| 14:09 | Necromancer |
| Right click | 404 |
| Select | 214 |
| Build/train/purchase | 55 |
| Select group | 37 |
| Assign group | 20 |
| Misc. action | 18 |
| Use ability | 6 |
| Chat | 4 |
| Remove unit | 1 |
| Esc | 1 |
| Minimap ping | 1 |
⇛